 Dungeon Crawl Stone Soup version 0.18-a0-1639-g7533f42 (webtiles) character file.

67 Sargon the Charlatan (level 3, -9/30 HPs)
             Began as a Deep Dwarf Artificer on Mar 28, 2016.
             Killed from afar by Natasha the steam dragon (11 damage)
             ... with a ball of steam
             ... on level 2 of the Dungeon.
             The game lasted 00:08:29 (1198 turns).

Sargon the Charlatan (Deep Dwarf Artificer)         Turns: 1198, Time: 00:08:29

Health: -9/30      AC:  8    Str: 14    XL:     3   Next: 98%
Magic:  7/7        EV:  6    Int: 12    God:
Gold:   77         SH:  0    Dex: 14    Spells: 0 memorised, 2 levels left

rFire  . . .     SeeInvis .     a - +0 short sword
rCold  . . .     Gourm    .     n - +0 chain mail
rNeg   . . .     Faith    .     (no shield)
rPois  .         Spirit   .     (no helmet)
rElec  .         Dismiss  .     (no cloak)
rCorr  .         Reflect  .     (no gloves)
SustAt .         Harm     .     (no boots)
MR     .....                    (no amulet)
Stlth  ..........               (no ring)
                                (no ring)

@: non-regenerating, not resistant to hostile enchantments, extremely unstealthy
A: damage resistance, recharge devices, sense surroundings 1, slow regeneration
3
a: Device Recharging


You were on level 2 of the Dungeon.
You were not hungry.

You visited 1 branch of the dungeon, and saw 2 of its levels.

You collected 77 gold pieces.

Inventory:

Hand Weapons
 a - a +0 short sword (weapon)
Armour
 n - a +0 chain mail (worn)
Wands
 c - a wand of flame (0/48)
 d - a wand of enslavement (14/24)
 e - a wand of random effects (9/48)
 f - a wand of heal wounds (0/9)
Scrolls
 l - a scroll of fear {unknown}
 m - a scroll of remove curse {unknown}
 q - a scroll of enchant weapon {unknown}
 r - a scroll of amnesia {unknown}
 u - a scroll of noise {unknown}
 v - 2 scrolls of identify {unknown}
Potions
 h - a potion of haste {unknown}
 j - a potion of lignification {unknown}
 k - 2 potions of mutation {unknown}
 o - 2 potions of curing {unknown}
 p - 3 potions of cancellation {unknown}
 t - a potion of resistance
Comestibles
 g - 2 bread rations
 i - 4 meat rations
 s - a slice of pizza


   Skills:
 - Level 0.8 Fighting
 - Level 0.8 Short Blades
 - Level 2.1 Dodging
 - Level 1.2 Stealth
 + Level 6.5 Evocations


You had 2 spell levels left.
You didn't know any spells.

Dungeon Overview and Level Annotations

Branches:
Dungeon (2/15)

Altars:

Annotations:
D:2 Natasha


Innate Abilities, Weirdness & Mutations

You are resistant to damage.
You can recharge devices by infusing magical energy.
You passively map a small area around you.
You do not regenerate naturally.


Message History

You hear a roar.
A ball of steam appears from out of thin air!
The ball of steam hits you!
Ouch! That really hurt!
Your chain mail prevents you from hitting something.
You are engulfed in a cloud of scalding steam.
Something bites you but does no damage. Something claws you but does no damage.
Your chain mail prevents you from hitting something.
You are engulfed in a cloud of scalding steam.
* * * LOW HITPOINT WARNING * * *
Something bites you but does no damage. Something claws you but does no damage.
You closely miss something.
You are engulfed in a cloud of scalding steam.
* * * LOW HITPOINT WARNING * * *
Something completely misses you. Something claws you but does no damage.
You completely miss something.
You hear a roar.
A ball of steam appears from out of thin air!
The ball of steam hits you!
You die...

* ** #.# #. * #.# ..
#.# . * * #.# . ...
#ยง# # * *#.#.# #.# ,
# * #.#.# #.# ,
######.#.### #@#
........(..# #{#
#.####.....#####.# ,
.................# ,
............###### *
....#............# * *
....#.......####.#
######### *
....###...### #.#
#........ ...##
#...######.###.######.


There were no monsters in sight!

Vanquished Creatures
  Ijyb (D:2)
  A gnoll (D:1)
  An ooze (D:1)
  A dart slug (D:1)
  A giant gecko (D:1)
  A bat (D:2)
  2 giant cockroaches (D:1)
  4 goblins
  2 hobgoblins
  2 giant newts
  4 kobolds (D:1)
  5 rats (D:1)
25 creatures vanquished.

Vanquished Creatures (collateral kills)
  A giant cockroach (D:2)
  A rat (D:2)
2 creatures vanquished.

Grand Total: 27 creatures vanquished

Notes
Turn   | Place    | Note
--------------------------------------------------------------
     0 | D:1      | Sargon the Deep Dwarf Artificer began the quest for the Orb.
     0 | D:1      | Reached XP level 1. HP: 16/16 MP: 3/3
   185 | D:1      | Reached skill level 5 in Evocations
   185 | D:1      | Reached XP level 2. HP: 16/24 MP: 3/5
   584 | D:1      | Reached XP level 3. HP: 22/30 MP: 7/7
   878 | D:2      | Noticed Ijyb
   889 | D:2      | Killed Ijyb
   889 | D:2      | Reached skill level 6 in Evocations
  1120 | D:2      | Noticed Natasha
  1137 | D:2      | Noticed Natasha
  1137 | D:2      | Natasha changed into Natasha the steam dragon
  1198 | D:2      | Killed from afar by Natasha the steam dragon

Vault maps used:
D:1:      dpeg_arrival_arbitrary_c
D:2:      first_bread, corexii_hall_statues_s, uniq_iyjb, uniq_natasha

Skill      XL: |  1  2  3 |
---------------+----------+-----
Evocations     | 5 6 |  6.5
Fighting       | |  0.8
Short Blades   | |  0.8
Dodging        | |  2.1
Stealth        | |  1.2

Action                   || total
-------------------------++-------
Melee: Short sword       ||   122
Evoke: Wand              ||    27
 Stab: Paralysed         ||     4
  Eat: Chunk             ||     1
